 Dungeon Crawl Stone Soup version 0.30.1-4-g462c640d31 (webtiles) character file.

Game seed: 1224684762427351964

304 Bobit the Prestidigitator (level 6, -4/51 HPs)
             Began as a Gnoll Wanderer on Aug 21, 2023.
             Was an Initiate of Makhleb.
             Killed by divine providence
             ... invoked by an orc priest
              (12 damage)
             ... on level 5 of the Dungeon.
             The game lasted 00:08:44 (3973 turns).

Bobit the Prestidigitator (Gnoll Wanderer)          Turns: 3973, Time: 00:08:44

Health: -4/51      AC: 14    Str: 11    XL:     6   Next: 38%
Magic:  14/14      EV:  6    Int: 10    God:    Makhleb [......]
Gold:   133        SH:  0    Dex: 15    Spells: 10/15 levels left

rFire   . . .        a - +0 dagger
rCold   . . .        (no shield)
rNeg    . . .        p - +0 chain mail
rPois   .            b - +0 helmet
rElec   .            (no cloak)
rCorr   .            (no gloves)
SInv    .            u - +0 pair of boots
Will    +....        (no amulet) Stlth
                     t - ring of willpower
HPRegen 0.28/turn    s - +4 ring of protection
MPRegen 0.14/turn

%: no passive effects
@: no status effects
A: fangs 1, strong nose, distributed training
a: Renounce Religion


You were on level 5 of the Dungeon.
You worshipped Makhleb.
Makhleb was noncommittal.
You visited 1 branch of the dungeon, and saw 5 of its levels.

You collected 133 gold pieces.

Inventory:

Hand Weapons
 a - a +0 dagger (weapon)
Armour
 b - a +0 helmet (worn)
 d - a +0 leather armour
 p - a +0 chain mail (worn)
 u - a +0 pair of boots (worn)
Jewellery
 s - a +4 ring of protection (right hand)
 t - a ring of willpower (left hand)
Wands
 e - a wand of iceblast (4)
Scrolls
 f - 5 scrolls of enchant weapon {unknown}
 g - 3 scrolls of teleportation {unknown}
 j - 3 scrolls of amnesia {unknown}
 k - 4 scrolls of identify {unknown}
 q - a scroll of magic mapping {unknown}
 w - a scroll of fear {unknown}
 x - a scroll of vulnerability {unknown}
Potions
 h - 5 potions of mutation {unknown}
 i - 2 potions of lignification
 l - 2 potions of berserk rage
 m - 2 potions of cancellation {unknown}
 n - 2 potions of curing {unknown}
 o - a potion of resistance {unknown}
 r - a potion of heal wounds {unknown}
 v - a potion of ambrosia {unknown}


   Skills:
 + Level 5.0 Fighting
 + Level 2.0 Short Blades
 + Level 2.0 Long Blades
 + Level 2.0 Axes
 + Level 2.0 Maces & Flails
 + Level 2.0 Polearms
 + Level 2.0 Staves
 + Level 2.0 Ranged Weapons
 + Level 2.0 Throwing
 + Level 2.0 Armour
 + Level 3.3 Dodging
 + Level 3.1 Stealth
 + Level 2.0 Shields
 + Level 2.0 Unarmed Combat
 + Level 5.4 Spellcasting
 + Level 1.6 Conjurations
 + Level 1.6 Hexes
 + Level 1.6 Summonings
 + Level 1.6 Necromancy
 + Level 1.6 Translocations
 + Level 1.6 Transmutations
 + Level 1.6 Fire Magic
 + Level 1.6 Ice Magic
 + Level 1.6 Air Magic
 + Level 1.6 Earth Magic
 + Level 1.6 Poison Magic
 + Level 2.2 Invocations
 + Level 8.8 Evocations


You had 10 spell levels left.
You knew the following spells:

 Your Spells              Type           Power      Damage    Failure   Level
a - Sandblast             Erth           10%        2d5       98%         1
b - Flame Wave            Conj/Fire      5%         2d5       100%        4

Your spell library contained the following spells:

 Spells                   Type           Power      Damage    Failure   Level
 Freeze                   Ice            20%        1d4       98%         1
 Frozen Ramparts          Ice            10%        1d2       100%        3
 Hailstorm                Conj/Ice       5%         3d4       100%        3
 Inner Flame              Hex/Fire       5%         N/A       100%        3
 Stone Arrow              Conj/Erth      10%        3d7       100%        3
 Sticky Flame             Conj/Fire      5%         2d3       100%        4


Dungeon Overview and Level Annotations

Branches:
Dungeon (5/15)
 Temple: D:4-7

Altars:
Fedhas
Kikubaaqudgha
Makhleb
Ru


Innate Abilities, Weirdness & Mutations

You have very sharp teeth.
Your uncanny sense of smell can sniff out nearby items.
Your experience applies equally to all skills.


Message History

The orc priest hits you but does no damage.
You barely miss the orc priest. You bite the orc priest.
The orc priest is lightly wounded.
The orc priest calls down the wrath of Beogh upon you.
Beogh smites you!
* * * LOW HITPOINT WARNING * * *
You hit the orc priest but do no damage.
The orc priest hits you but does no damage.
You barely miss the orc priest.
The orc priest hits you with a +0 flail.
* * * LOW HITPOINT WARNING * * *
You hit the orc priest. Your bite misses the orc priest.
The orc priest is moderately wounded.
The orc priest barely misses you.
You hit the orc priest but do no damage.
The orc priest is moderately wounded.
The orc priest hits you but does no damage.
You hit the orc priest but do no damage.
The orc priest is moderately wounded.
The orc priest hits you with a +0 flail.
* * * LOW HITPOINT WARNING * * *
You hit the orc priest.
The orc priest is moderately wounded.
The orc priest hits you but does no damage.
You barely miss the orc priest.
The orc priest is moderately wounded.
The orc priest looks braver for a moment.
You hit the orc priest but do no damage.
The orc priest is moderately wounded.
You hit the orc priest but do no damage.
The orc priest is moderately wounded.
The orc priest casts a cantrip, but nothing happens.
You closely miss the orc priest.
The orc priest is moderately wounded.
The orc priest barely misses you.
You hit the orc priest but do no damage.
The orc priest is moderately wounded.
The orc priest calls down the wrath of Beogh upon you.
Beogh smites you!
You die...

#.# ... .. #.####
##.#.# # ......
...#.#.#.
#.##.###..#.#..
#o##.##.......
#o##.##.....#### #..
#@##............
#.####.#.........#
#.##.............#∆
.....#.#######.(.#
#.##.... #.......#
###.##.#.#.#.#.###.#
#...†..............#
###.######.#.#.....#
∆
#...†....#.#.#.....#


You could see an orc priest and an orc.

Vanquished Creatures
  3 hounds
  Terence (D:2)
  An orc wizard (D:3)
  9 adders
  2 dart slugs
  9 orcs
  3 endoplasms
  3 giant cockroaches
  3 goblins
  6 hobgoblins
  6 jackals (D:3)
  6 quokkas
  2 ball pythons
  3 bats
  3 frilled lizards
  6 kobolds
  6 rats
72 creatures vanquished.

Notes
Turn   | Place    | Note
-------+----------+-------------------------------------------
     0 | D:1      | Bobit the Gnoll Wanderer began the quest for the Orb.
     0 | D:1      | Bobit set off with the following items: a +0 dagger, a +0
                  | helmet, a scroll of blinking, a +0 leather armour, a wand
                  | of iceblast (4); and the following spell memorised:
                  | Sandblast; and the following spells available to memorise:
                  | Stone Arrow.
     0 | D:1      | Reached XP level 1. HP: 20/20 MP: 6/6
   483 | D:1      | Reached XP level 2. HP: 26/26 MP: 7/7
  1018 | D:2      | Noticed Terence
  1057 | D:2      | Killed Terence
  1058 | D:2      | Reached skill level 5 in Spellcasting
  1058 | D:2      | Reached skill level 1 in Invocations
  1058 | D:2      | Reached XP level 3. HP: 6/31 MP: 1/9
  1247 | D:2      | Reached skill level 1 in Short Blades
  1247 | D:2      | Reached skill level 1 in Long Blades
  1247 | D:2      | Reached skill level 1 in Axes
  1247 | D:2      | Reached skill level 1 in Maces & Flails
  1247 | D:2      | Reached skill level 1 in Polearms
  1247 | D:2      | Reached skill level 1 in Staves
  1247 | D:2      | Reached skill level 1 in Ranged Weapons
  1247 | D:2      | Reached skill level 1 in Throwing
  1247 | D:2      | Reached skill level 1 in Armour
  1247 | D:2      | Reached skill level 1 in Shields
  1247 | D:2      | Reached skill level 1 in Unarmed Combat
  1362 | D:2      | Reached XP level 4. HP: 34/38 MP: 11/11
  1560 | D:2      | Reached skill level 1 in Conjurations
  1560 | D:2      | Reached skill level 1 in Hexes
  1560 | D:2      | Reached skill level 1 in Summonings
  1560 | D:2      | Reached skill level 1 in Necromancy
  1560 | D:2      | Reached skill level 1 in Translocations
  1560 | D:2      | Reached skill level 1 in Transmutations
  1560 | D:2      | Reached skill level 1 in Fire Magic
  1560 | D:2      | Reached skill level 1 in Ice Magic
  1560 | D:2      | Reached skill level 1 in Air Magic
  1560 | D:2      | Reached skill level 1 in Earth Magic
  1560 | D:2      | Reached skill level 1 in Poison Magic
  1714 | D:2      | Learned a level 4 spell: Flame Wave
  2176 | D:3      | Found a sacrificial altar of Ru.
  2250 | D:3      | Reached XP level 5. HP: 20/43 MP: 12/12
  2746 | D:3      | Found an ancient bone altar of Kikubaaqudgha.
  3256 | D:3      | Found a blossoming altar of Fedhas.
  3441 | D:4      | Found a burning altar of Makhleb.
  3463 | D:4      | Reached XP level 6. HP: 43/50 MP: 14/14
  3477 | D:4      | Reached skill level 5 in Fighting
  3482 | D:4      | Became a worshipper of Makhleb the Destroyer
  3566 | D:5      | Entered Level 5 of the Dungeon
  3973 | D:5      | Killed from afar by an orc priest

Illustrated notes

Levels and vault maps discovered:
D:1:      reono_arrival_mine, layout_loops_ring, kennysheep_nondescript
D:2:      layout_loops_ring, minmay_crystal_water, uniq_terence
D:3:      kb_forest_paths, layout_basic, fedhas_altar_fruit_tree,
          mainiacjoe_overflow_small_starburst,
          nicolae_ru_great_annihilating_truth
D:4:      layout_loops_cross, nicolae_hepliaklqana_hippocampus,
          makhleb_heckhound_becter, lemuel_temple_firewalk_a
D:5:      layout_basic, nemelex_diamond_rough_becter, serial_shops,
          nicolae_shop_crystal, serial_rivers, chequers_serial_rivers_micro_b,
          chequers_serial_rivers_large_a, chequers_serial_rivers_small_b,
          chequers_serial_rivers_large_b, chequers_serial_rivers_small_3,
          chequers_serial_rivers_micro_d, uniq_grinder

Skill      XL: |  1  2  3  4  5  6 |
---------------+-------------------+-----
Spellcasting   | 5 |  5.4
Invocations    | 1 2 |  2.2
Short Blades   | 1 2 |  2.0
Long Blades    | 1 2 |  2.0
Axes           | 1 2 |  2.0
Maces & Flails | 1 2 |  2.0
Polearms       | 1 2 |  2.0
Staves         | 1 2 |  2.0
Ranged Weapons | 1 2 |  2.0
Throwing       | 1 2 |  2.0
Armour         | 1 2 |  2.0
Shields        | 1 2 |  2.0
Unarmed Combat | 1 2 |  2.0
Conjurations   | 1 |  1.6
Hexes          | 1 |  1.6
Summonings     | 1 |  1.6
Necromancy     | 1 |  1.6
Translocations | 1 |  1.6
Transmutations | 1 |  1.6
Fire Magic     | 1 |  1.6
Ice Magic      | 1 |  1.6
Air Magic      | 1 |  1.6
Earth Magic    | 1 |  1.6
Poison Magic   | 1 |  1.6
Dodging        | 3 |  3.3
Stealth        | 3 |  3.1
Fighting       | 5 |  5.0
Evocations     | |  8.8

Action                     |  1- 3 |  4- 6 || total
---------------------------+-------+-------++-------
  Melee: Dagger            |   156 |   433 ||   589
         Bite              |     8 |    51 ||    59
         Punch             |     3 |     9 ||    12
   Cast: Sandblast         |     8 |       ||     8
    Use: Potion            |     2 |     1 ||     3
         Scroll            |       |     1 ||     1
   Stab: Sleeping          |     7 |     1 ||     8
         Paralysed         |       |     1 ||     1
 Armour: Leather armour    |    40 |    18 ||    58
         Skin              |    12 |       ||    12
         Chain mail        |       |   273 ||   273
  Dodge: Dodged            |   108 |   164 ||   272
